 Dungeon Crawl Stone Soup version 0.19.0-9-gfd783f2 (webtiles) character file.

1681 mistymad the Ruffian (level 9, 0/70 HPs)
             Began as a Naga Transmuter on Nov 7, 2016.
             Slain by a wight
             ... wielding a +3 halberd
              (5 damage)
             ... on level 6 of the Dungeon.
             The game lasted 00:16:46 (6537 turns).

mistymad the Ruffian (Naga Transmuter)              Turns: 6537, Time: 00:16:46

Health: 0/70       AC:  5    Str: 13    XL:     9   Next: 2%
Magic:  14/18      EV:  9    Int: 16    God:
Gold:   197        SH:  0    Dex: 12    Spells: 4 memorised, 9 levels left

rFire  + . .     SeeInvis +       - Unarmed
rCold  . . .     Gourm    .     b - +0 robe
rNeg   . . .     Faith    .     (shield currently unavailable)
rPois  +         Spirit   .     s - +0 helmet
rElec  .         Reflect  .     (no cloak)
rCorr  .         Harm     .     (gloves currently unavailable)
MR     +....                    (no barding)
Stlth  +.........               u - amulet of magic regeneration
                                (no ring)
                                (no ring)

@: blade hands, heavily drained, very slow
A: see invisible, deformed body, fire resistance 1, mutation resistance 1,
poison resistance, slowness 2, slow metabolism 1, spit poison 1, AC +3
a: Spit Poison, End Transformation


You were on level 6 of the Dungeon.
You were hungry.
You had blades for hands.
You visited 1 branch of the dungeon, and saw 6 of its levels.

You collected 197 gold pieces.

Inventory:

Missiles
 a - 88 arrows
 m - 3 throwing nets (quivered)
Armour
 b - a +0 robe (worn)
 q - a +0 pair of gloves (melded)
 s - a +0 helmet (worn)
Jewellery
 u - an amulet of magic regeneration (around neck)
Wands
 t - a wand of lightning (11/15)
 w - a wand of random effects (32/48)
Scrolls
 f - 3 scrolls of enchant weapon {unknown}
 g - a scroll of amnesia {unknown}
 h - a scroll of magic mapping {unknown}
 i - 2 scrolls of recharging {unknown}
 n - 7 scrolls of identify {unknown}
 p - 4 scrolls of remove curse {unknown}
Potions
 d - a potion of flight
 e - 3 potions of lignification {unknown}
 o - 2 potions of cancellation {unknown}
 r - 2 potions of magic {unknown}
Books
 c - a book of Changes

   Spells                             Type                      Level
   a - Beastly Appendage              Transmutation                1
   b - Sticks to Snakes               Transmutation                2
   c - Spider Form                    Transmutation/Poison         3
   d - Ice Form                       Ice/Transmutation            4
   e - Blade Hands                    Transmutation                5
Comestibles
 j - 4 fruits
 k - 3 beef jerkies
 l - 2 bread rations


   Skills:
 - Level 1.0(0.0) Fighting
 - Level 1.5(0.3) Dodging
 + Level 7.1(5.6) Unarmed Combat
 - Level 6.1(4.7) Spellcasting
 + Level 6.7(5.2) Transmutations


You had 9 spell levels left.
You knew the following spells:

 Your Spells              Type           Power        Failure   Level  Hunger
a - Beastly Appendage     Tmut           ###...       21%         1    None
b - Sticks to Snakes      Tmut           ###.....     28%         2    ##.....
c - Spider Form           Tmut/Pois      ##........   58%         3    ###....
d - Blade Hands           Tmut           ###.......   93%         5    ######.


Dungeon Overview and Level Annotations

Branches:
Dungeon (6/15)
 Temple: D:4-7

Altars:
Cheibriados
Dithmenos
Hepliaklqana
Kikubaaqudgha
Makhleb
Nemelex Xobeh
Qazlal
Sif Muna
Trog
Vehumet
Yredelemnul

Shops:
D:6 =}


Innate Abilities, Weirdness & Mutations

You cannot wear boots.
Your serpentine skin is tough. (AC +3)
You have supernaturally acute eyesight. (SInv)
Armour fits poorly on your strangely shaped body.
Your system is resistant to poisons. (rPois)
You cover ground very slowly.
You have a slow metabolism.
You can spit poison.
Your flesh is heat resistant. (rF+)
You are somewhat resistant to further mutation.


Message History

You have reached level 9!
Your experience leads to an increase in your attributes!
Increase (S)trength, (I)ntelligence, or (D)exterity?
You feel clever.
Your skin feels tougher.
You regained 3 hp, and now have 41/70 hp.
The wight hits you with an enchanted halberd!
You feel drained.
The wight hits you with an enchanted halberd!
* * * LOW HITPOINT WARNING * * *
Things that are here:
a trident; a robe You take 36 damage, and have 5/70 hp.
MASSIVE DAMAGE!!
You completely miss the wight.
Unknown command.
You barely miss the wight. The wight barely misses you.
Unknown command.
You slash the wight!
The wight is heavily damaged.
The wight hits you with an enchanted halberd.
You die...

########################
........................
###.....@#########.####.#
#.......z# #.####.#
#........###### #.......
#......###....# #.......
#...... #....# #.......
#...... #....# #.......
#......###....## #.......
.........z.....# #.####.#
#......###S....# #.# #.#


You could see a wight.

Vanquished Creatures
  Sigmund (D:2)
  5 ogres
  3 centaurs (D:5)
  A big kobold (D:4)
  2 scorpions
  A wight (D:6)
  3 crimson imps
  A hound (D:4)
  A jelly (D:5)
  8 worker ants
  An orc wizard (D:4)
  Robin (D:4)
  A gnoll (D:4)
  2 adders
  2 shadow imps
  An adder zombie (D:5)
  2 oozes
  An adder skeleton (D:5)
  2 worms (D:2)
  3 dart slugs
  4 leopard geckos
  4 orcs
  4 bats
  A bat zombie (D:2)
  4 giant cockroaches
  12 goblins
  12 hobgoblins
  8 jackals (D:1)
  4 quokkas
  2 ball pythons
  3 frilled lizards
  12 kobolds
  A quokka skeleton (D:6)
  8 rats
  A rat zombie (D:2)
  A bush (D:4)
123 creatures vanquished.

Vanquished Creatures (collateral kills)
  A wight (D:6)
  A bullfrog skeleton (D:5)
  A gnoll shaman (D:4)
  2 gnolls (D:4)
  A dart slug (D:2)
  An orc (D:4)
7 creatures vanquished.

Grand Total: 130 creatures vanquished

Notes
Turn   | Place    | Note
-------+----------+-------------------------------------------
     0 | D:1      | mistymad the Naga Transmuter began the quest for the Orb.
     0 | D:1      | Reached XP level 1. HP: 18/18 MP: 3/3
   205 | D:1      | Reached XP level 2. HP: 25/25 MP: 3/5
   361 | D:1      | Reached XP level 3. HP: 8/31 MP: 4/6
   365 | D:1      | Learned a level 2 spell: Sticks to Snakes
   369 | D:1      | Learned a level 3 spell: Spider Form
   700 | D:1      | Found a sparkling altar of Nemelex Xobeh.
  1625 | D:2      | Found an ancient bone altar of Kikubaaqudgha.
  1688 | D:2      | Noticed Sigmund
  1691 | D:2      | Gained mutation: Your flesh is heat resistant. (rF+) [potion of mutation]
  1691 | D:2      | Gained mutation: You are somewhat resistant to further mutation. [potion of mutation]
  1707 | D:2      | Killed Sigmund
  1707 | D:2      | Reached skill level 4 in Unarmed Combat
  1707 | D:2      | Reached XP level 4. HP: 12/38 MP: 5/9
  1707 | D:2      | Reached XP level 5. HP: 14/44 MP: 5/10
  2263 | D:2      | Reached XP level 6. HP: 46/51 MP: 6/11
  2285 | D:2      | Found a deep blue altar of Sif Muna.
  2286 | D:2      | Found a bloodstained altar of Trog.
  2287 | D:2      | Found a snail-covered altar of Cheibriados.
  2287 | D:2      | Found a hazy altar of Hepliaklqana.
  2287 | D:2      | Found a shadowy altar of Dithmenos.
  2287 | D:2      | Found a stormy altar of Qazlal.
  2289 | D:2      | Found a basalt altar of Yredelemnul.
  2845 | D:3      | Found a burning altar of Makhleb.
  3313 | D:4      | Reached skill level 5 in Unarmed Combat
  3557 | D:4      | You fall through a shaft!
  3557 | D:5      | Entered Level 5 of the Dungeon
  3570 | D:5      | Reached XP level 7. HP: 52/57 MP: 8/13
  3653 | D:4      | Noticed Robin
  3897 | D:4      | Killed Robin
  4302 | D:4      | Reached skill level 5 in Transmutations
  4558 | D:5      | Reached skill level 6 in Unarmed Combat
  4558 | D:5      | Reached skill level 5 in Spellcasting
  4558 | D:5      | Reached XP level 8. HP: 45/64 MP: 11/15
  4746 | D:5      | Found a radiant altar of Vehumet.
  5467 | D:6      | Found Mibroun's Jewellery Emporium.
  5476 | D:6      | Found Qanofri's Gadget Emporium.
  5738 | D:6      | HP: 3/64 [wight/enchanted halberd (7)]
  5771 | D:5      | HP: 1/64 [worker ant (6)]
  5772 | D:5      | Reached skill level 7 in Unarmed Combat
  6159 | D:5      | Learned a level 5 spell: Blade Hands
  6533 | D:6      | Reached XP level 9. HP: 41/70 MP: 12/18
  6537 | D:6      | Slain by a wight

Skill      XL: |  1  2  3  4  5  6  7  8 |
---------------+-------------------------+-----
Unarmed Combat | 4 5 6 7 |  7.1
Spellcasting   | 3 4 5 6 |  6.1
Transmutations | 3 4 5 6 |  6.7
Fighting       | |  1.0
Dodging        | |  1.5

Action                   |  1- 3 |  4- 6 |  7- 9 || total
-------------------------+-------+-------+-------++-------
Melee: Unarmed           |   113 |    85 |   199 ||   397
       Headbutt          |     1 |       |       ||     1
       Punch             |       |     1 |     1 ||     2
 Cast: Beastly Appendage |    15 |     1 |       ||    16
       Spider Form       |     2 |    18 |    31 ||    51
       Sticks to Snakes  |     1 |     6 |     5 ||    12
       Blade Hands       |       |       |     1 ||     1
 Abil: Spit Poison       |    16 |     9 |     3 ||    28
  Use: Potion            |     2 |       |       ||     2
 Stab: Distracted        |       |     2 |     1 ||     3
  Eat: Bread ration      |     1 |       |       ||     1
       Chunk             |       |     6 |    11 ||    17
Armor: Robe              |    23 |       |     5 ||    28
       Skin              |       |     4 |     5 ||     9
Dodge: Dodged            |    81 |    71 |   146 ||   298
